 Dungeon Crawl Stone Soup version 0.30-a0-777-ga9a30cbeda (webtiles) character file.

Game seed: 7570354436939055655

2 Esekla the Sneak (level 1, 8/11 HPs)
             Began as a Vine Stalker Delver on Feb 14, 2023.
             Quit the game on level 5 of the Dungeon.
             The game lasted 00:02:49 (410 turns).

Esekla the Sneak (Vine Stalker Delver)               Turns: 410, Time: 00:02:50

Health: 8/11       AC:  3    Str: 14    XL:     1   Next: 30%
Magic:  1/2        EV: 11    Int: 10    God:
Gold:   0          SH:  0    Dex: 15    Spells: 0/0 levels left

rFire   . . .      SeeInvis .    a - +0 falchion
rCold   . . .      Faith    .    (no shield)
rNeg    . . .      Spirit   +    b - +0 leather armour
rPois   .          Reflect  .    (no helmet)
rElec   .          Harm     .    (no cloak)
rCorr   .          Rampage  .    (no gloves)
Will    .....                    (no boots)
Stlth   +++                      (no amulet)
HPRegen 0.21/turn                (no ring)
MPRegen 0.08/turn                (no ring)

@: hasted (expiring), very quick
A: fangs 2, magic shield, antimagic bite, no potion heal 2
a: no special abilities


You were on level 5 of the Dungeon.
You visited 2 branches of the dungeon, and saw 2 of its levels.

Inventory:

Hand Weapons
 a - a +0 falchion (weapon)
Armour
 b - a +0 leather armour (worn)
Wands
 g - a wand of digging (3)
Scrolls
 c - a scroll of fog
 e - a scroll of fear


   Skills:
 * Level 2.6 Fighting
 * Level 2.0 Long Blades
 + Level 1.5 Dodging
 + Level 6.0 Stealth


You couldn't memorise any spells.
You didn't know any spells.
Your spell library was empty.

Dungeon Overview and Level Annotations

Branches:
Dungeon (5/15)             Temple (1/1) D:5

Altars:
Cheibriados
Fedhas
Hepliaklqana
Kikubaaqudgha
Makhleb
Nemelex Xobeh
Okawaru
Qazlal
Ru
Trog
Uskayaw
Wu Jian
Yredelemnul
The Shining One


Innate Abilities, Weirdness & Mutations

You have extremely sharp teeth.
When hurt, damage is shared between your health and your magic reserves.
Your bite disrupts and absorbs the magic of your enemies.
Potions cannot restore your health.


Message History

There is an open door here.
An orc comes into view. It is wielding a +0 hand axe.
You close the door.
You feel yourself speed up.
The scorpion stings you but does no damage. x2
Found a stone staircase leading down.
A worm comes into view.
An orc and a gnoll come into view.
The orc is wielding a +0 whip of venom.
The orc moves out of view.
The gnoll moves out of view.
An orc comes into view. It is wielding a +0 mace.
The orc moves out of view.
You open the door.
A gnoll bouda and a gnoll come into view.
The gnoll bouda is wielding a +0 club and wearing a +1 leather armour of cold resistance.
A gnoll comes into view. It is wielding a +0 flail.
Found a mace.
There is an open door here.
A gnoll comes into view. It is wielding a +0 spear.
The gnoll shouts!
The gnoll bouda shouts!
The orc shouts!
The gnoll shouts!
You hear a shout! x2; The gnoll shouts!
You close the door.
A gnoll comes into view. It is wielding a +0 flail.
The gnoll bouda barks out a call to the hunt!
The gnolls pick up the pace!
An orc comes into view. It is wielding a +0 short sword.
The orc shouts!
The gnoll hits you with a +0 whip!
Ouch! That really hurt!
The gnoll barely misses you.
You see here a +0 mace.
The gnoll bouda barks out a call to the hunt!
The gnoll picks up the pace!
A scorpion comes into view.
You open the gate.
A worm comes into view.
Found a snail-covered altar of Cheibriados.
There is an open gate here.
Your extra speed is starting to run out.
You close the gate.
Are you sure you want to abandon this character and quit the game? (Confirm with "yes".)

*,,,,,,,,*,*************#####g.#.
*,********,* #########g#.
*,*,,,,,,*,* #########o.....g)...
*,*,,*,,,*+**#.s..#...o.o........
*,*,,***,,,,*,,#..8.o#...........
*,*<,,,+,,,,*,*#.....#...........
*,******,,,,,,,#.....#....######.
*,*,,,,,,,,,,,,##+++##....# #.
*,*,***,,,,,,,,#@....#....# *#.
*,*,* *,,,,,,,,#.....#....# *,,
*,*,***,,,,****#.....#....# *,*
*,*,,,**+*** #.w...#,,,,* *,*
*,*,,,,,,* #.._..#***** *,+
,,*,,,**** ####### *** ***,,,* **
*,,,****** ** *,,,,,,,,* **


You could see a worm.

Vanquished Creatures
  An orc (D:5)
1 creature vanquished.

Notes
Turn   | Place    | Note
-------+----------+-------------------------------------------
     0 | D:5      | Esekla the Vine Stalker Delver began the quest for the Orb.
     0 | D:5      | Reached XP level 1. HP: 11/11 MP: 2/2
    11 | Temple   | Entered the Ecumenical Temple
   324 | D:5      | Noticed an iguana
   334 | D:5      | Noticed a scorpion
   334 | D:5      | Noticed an iguana
   389 | D:5      | Noticed a gnoll bouda
   403 | D:5      | Noticed a scorpion
   406 | D:5      | Found a snail-covered altar of Cheibriados.
   410 | D:5      | Quit the game

Illustrated notes

Levels and vault maps discovered:
D:5:      lemuel_ice_spiral_2, layout_basic, slow_altar_2,
          cheibrodos_ashenzari_chains, minmay_temple_entry_statues_pillars,
          nicolae_nh_ransacked_shop
Temple:   oiseaux_autumnal_temple

Skill      XL: |  1 |
---------------+----+-----
Long Blades    | 2 |  2.0
Fighting       | |  2.6
Dodging        | |  1.5
Stealth        | |  6.0

Action                     || total
---------------------------++-------
  Melee: Falchion          ||     1
    Use: Scroll            ||     1
         Potion            ||     1
 Armour: Leather armour    ||     2
  Dodge: Dodged            ||     1

Table legend: (Time is in decaauts)
 A = Elapsed time spent in this place.
 B = Non-inter-level travel time spent in this place.
 C = Inter-level travel time spent in this place.
 D = Time resting spent in this place.
 E = Time spent auto-exploring this place.
 F = Levels seen in this place.
 G = Mean time per level.
                   A        B        C        D        E       F      G
               +--------+--------+--------+--------+--------+-----+--------+
         Total |    410 |    374 |     36 |      6 |    274 |   2 |  205.0 |
       Dungeon |     89 |     88 |      1 |      6 |      0 |   1 |   89.0 |
        Temple |    320 |    286 |     34 |      0 |    274 |   1 |  320.0 |
               +--------+--------+--------+--------+--------+-----+--------+

Top non-repeatable levels by time:
  Temple: 320 daAuts
     D:5: 89 daAuts
